 Dungeon Crawl Stone Soup version 0.21-a0-140-g479285b (webtiles) character file.

44 kuniqs the Skirmisher (level 3, -1/30 HPs)
             Began as a Vine Stalker Berserker on July 20, 2017.
             Was a Believer of Trog.
             Slain by a goblin
             ... wielding a +0 dagger
             ... led by Robin
              (2 damage)
             ... on level 2 of the Dungeon.
             The game lasted 00:01:06 (1209 turns).

kuniqs the Skirmisher (Vine Stalker Berserker)      Turns: 1209, Time: 00:01:07

Health: -1/30      AC:  3    Str: 24    XL:     3   Next: 60%
Magic:  0/4        EV: 12    Int:  7    God:    Trog [**....]
Gold:   44         SH:  0    Dex: 14    Spells: 2/2 levels left

rFire    . . .     SeeInvis .   a - +0 short sword
rCold    . . .     Gourm    .   (no shield)
rNeg     . . .     Faith    .   b - +0 animal skin
rPois    .         Spirit   +   (no helmet)
rElec    .         Reflect  .   (no cloak)
rCorr    .         Harm     .   i - +0 pair of gloves (curse)
MR       .....                  (no boots)
Stlth    ..........             (no amulet)
HPRegen  0.10/turn              (no ring)
MPRegen  0.09/turn              (no ring)

@: berserking (expiring), very quick
A: fangs 2, magic shield, antimagic bite, no potion heal 3, rot immunity
a: Berserk, Trog's Hand, Burn Spellbooks, Renounce Religion


You were on level 2 of the Dungeon.
You worshipped Trog.
Trog was pleased with you.
You were hungry.

You visited 1 branch of the dungeon, and saw 2 of its levels.

You collected 44 gold pieces.

Inventory:

Hand Weapons
 a - a +0 short sword (weapon)
Armour
 b - a +0 animal skin (worn)
 i - a cursed +0 pair of gloves (worn)
Scrolls
 e - a scroll of identify {unknown}
 g - a scroll of fear {unknown}
 h - a scroll of immolation {unknown}
Potions
 c - a potion of heal wounds {unknown}
 f - a potion of curing {unknown}
Comestibles
 d - 2 bread rations
 j - 4 chunks of flesh


   Skills:
 + Level 3.0 Fighting
 + Level 3.0 Short Blades
 + Level 2.2 Armour
 + Level 2.1 Dodging


You had 2 spell levels left.
You didn't know any spells.

Dungeon Overview and Level Annotations

Branches:
Dungeon (2/15)

Altars:

Annotations:
D:2 Robin


Innate Abilities, Weirdness & Mutations

You have extremely sharp teeth.
When hurt, damage is shared between your health and your magic reserves.
Your bite disrupts and absorbs the magic of your enemies.
Potions cannot restore your health.
You are immune to rotting.


Message History

You kill the goblin!
Trog accepts your kill. The goblin hits you with a dagger.
* * * LOW HITPOINT WARNING * * *
The goblin hits you but does no damage.
You closely miss the goblin. You bite the goblin. You drain its power.
You feel invigorated. The hobgoblin hits you with a club.
* * * LOW HITPOINT WARNING * * *
You barely miss the hobgoblin. Your bite misses the hobgoblin.
The goblin misses you. The hobgoblin barely misses you.
The goblin barely misses you. The goblin hits you but does no damage.
You barely miss the hobgoblin. You bite the hobgoblin. You drain its power.
You feel invigorated.
You kill the hobgoblin!
Trog accepts your kill. Robin hits you from afar with a spear.
* * * LOW HITPOINT WARNING * * *
The goblin barely misses you. The hobgoblin closely misses you.
The goblin closely misses you. The goblin hits you with a dagger.
You die...

#...<......# .
...........## # #
#........... ..####
#..........# # ....)
#.$........# .# #..
##........## ..# #..
#.....g.)..###.# #..
#.....)Sgg.....# #..
#>.....g@g....## #..
.#........$.....### #....
...........$.............#
#........................
#.......................#
###.....................##
..........................
...............#......####
....................


You could see Robin, an adder, a hobgoblin and 3 goblins.

Vanquished Creatures
  A worm (D:2)
  A dart slug (D:1)
  2 leopard geckos (D:1)
  A giant cockroach (D:2)
  5 goblins
  5 hobgoblins
  6 jackals (D:1)
  3 kobolds (D:1)
  4 bats
  5 rats (D:1)
33 creatures vanquished.

Notes
Turn   | Place    | Note
-------+----------+-------------------------------------------
     0 | D:1      | kuniqs the Vine Stalker Berserker began the quest for the Orb.
     0 | D:1      | Reached XP level 1. HP: 11/11 MP: 2/2
   216 | D:1      | Reached XP level 2. HP: 15/16 MP: 3/3
   854 | D:1      | Reached XP level 3. HP: 20/20 MP: 4/4
  1184 | D:2      | Reached ** piety under Trog
  1194 | D:2      | Noticed Robin
  1209 | D:2      | HP: 1/30 [Robin/spear (3)]
  1209 | D:2      | Slain by a goblin

Vault maps used:
D:1:      saegor_arrival_simple_d
D:2:      minmay_roachtagon, minmay_misc_feat_doors, minmay_divided_ellipse,
          uniq_natasha, uniq_crazy_yiuf_cottage, uniq_robin

Skill      XL: |  1  2  3 |
---------------+----------+-----
Armour         | 2 |  2.2
Fighting       | 3 |  3.0
Dodging        | 2 |  2.1
Short Blades   | 3 |  3.0

Action                   || total
-------------------------++-------
Melee: Short sword       ||    76
       Bite              ||    21
Invok: Berserk           ||     3
 Stab: Sleeping          ||     1
  Eat: Chunk             ||     3
Armor: Animal skin       ||     8
Dodge: Dodged            ||    60
